 Dungeon Crawl Stone Soup version 0.31-a0-833-gc15d34cb79 (webtiles) character file.

Game seed: 16980817881416474210

781 javelincjr the Ruffian (level 7, 0/55 HPs)
             Began as a Demonspawn Shapeshifter on Sept 25, 2023.
             Was a Believer of Jiyva.
             Slain by Duvessa
             ... wielding a +0 short sword
              (11 damage)
             ... on level 4 of the Dungeon.
             The game lasted 00:11:23 (3883 turns).

javelincjr the Ruffian (Demonspawn Shapeshifter)    Turns: 3883, Time: 00:11:24

Health: 0/55       AC:  5    Str: 15    XL:     7   Next: 55%
Magic:  16/16      EV: 13    Int: 11    God:    Jiyva [**....]
Gold:   161        SH:  0    Dex: 14    Spells: 6/6 levels left

rFire   . .          .
                       - Unarmed
rCold   + . .        (no shield)
rNeg    . . .        v - +1 robe {rC+}
rPois   .            (helmet currently unavailable)
rElec   .            (cloak currently unavailable)
rCorr   +            (gloves currently unavailable)
SInv    .            (boots currently unavailable)
Will    .....        (no amulet)
Stlth   +            e - ring of magical power
HPRegen 1.25/turn    q - ring of flight
MPRegen 0.45/turn

%: no passive effects
@: beast-form, flying
A: beast (slay +2), antennae 1, slimy green scales 1, demonic guardian 2
a: Begin Untransformation, Renounce Religion


You were on level 4 of the Dungeon.
You worshipped Jiyva.
Jiyva was pleased with you.
You were a hulking beast.
You visited 1 branch of the dungeon, and saw 4 of its levels.
You also visited: Sewer.

You collected 161 gold pieces.

Inventory:

Hand Weapons
 f - a +2 whip of electrocution
Armour
 a - a +0 animal skin
 h - a +0 cloak
 l - a +0 pair of gloves
 v - a +1 robe of cold resistance (worn)
Jewellery
 e - a ring of magical power (left hand)
 q - a ring of flight (right hand)
Talismans
 c - a beast talisman (active)
 d - a flux talisman
 x - a storm talisman
Wands
 u - a wand of iceblast (11)
 w - a wand of quicksilver (5)
Scrolls
 i - a scroll of noise {unknown}
 j - a scroll of enchant weapon {unknown}
 m - a scroll of teleportation {unknown}
 n - a scroll of identify {unknown}
 o - a scroll of amnesia {unknown}
 p - a scroll of revelation {unknown}
 t - a scroll of torment {unknown}
 y - a scroll of vulnerability {unknown}
Potions
 b - a potion of lignification
 g - a potion of haste {unknown}
 k - 5 potions of mutation {unknown}
 r - a potion of magic {unknown}
 s - a potion of cancellation {unknown}
 z - a potion of attraction {unknown}


   Skills:
 * Level 4.4 Fighting
 + Level 3.6 Dodging
 * Level 4.8 Unarmed Combat
 * Level 4.5 Shapeshifting


You had 6 spell levels left.
You didn't know any spells.
Your spell library contained the following spells:

 Spells                   Type           Power      Damage    Failure   Level
 Summon Small Mammal      Summ           0%         N/A       34%         1
 Cigotuvi's Dreadful Rot  Necr/Pois/Air  0%         N/A       47%         2
 Call Canine Familiar     Summ           0%         N/A       71%         3
 Ignite Poison            Fire/Tmut/Pois 0%         N/A       71%         3
 Summon Guardian Golem    Hex/Summ       0%         N/A       71%         3
 Freezing Cloud           Conj/Ice/Air   0%         6-21      100%        5


Dungeon Overview and Level Annotations

Branches:
Dungeon (4/15)              Sewer (visited)
 Temple: D:4-7

Altars:
Kikubaaqudgha

Shops:
D:2 *   D:4 ([*[

Annotations:
D:4 Duvessa


Innate Abilities, Weirdness & Mutations

You are a hulking beast.
Your limbs bulge with bestial killing power. (Slay +2)
You have a pair of small antennae on your head.
You are partially covered in slimy green scales. (AC +2)
A demonic guardian rushes to your aid.


Message History

You punch Duvessa!
Duvessa is lightly wounded.
You hear a slurping noise.
You hear a distant slurping noise.
Duvessa misses you.
You barely miss Duvessa.
Duvessa is lightly wounded.
Duvessa hits you with a +0 short sword!
You punch Duvessa!
Duvessa is moderately wounded.
Duvessa barely misses you. x2
You hit Duvessa.
Duvessa is moderately wounded.
Duvessa closely misses you.
You hit Duvessa.
Duvessa is heavily wounded.
Duvessa barely misses you.
You hit Duvessa.
Duvessa is heavily wounded.
Duvessa hits you with a +0 short sword! Duvessa hits you with a +0 short sword.
You hit Duvessa.
Duvessa is heavily wounded.
Duvessa hits you with a +0 short sword!
You are too injured to fight recklessly!
You are too injured to fight recklessly!
You are too injured to fight recklessly!
You are too injured to fight recklessly!
You closely miss Duvessa.
Duvessa is heavily wounded.
Duvessa completely misses you. Duvessa hits you with a +0 short sword!
You closely miss Duvessa.
Duvessa is heavily wounded.
Duvessa hits you with a +0 short sword.
* * * LOW HITPOINT WARNING * * *
You hit Duvessa.
Duvessa is heavily wounded.
Duvessa hits you with a +0 short sword.
* * * LOW HITPOINT WARNING * * *
A demonic guardian appears!
Duvessa hits you with a +0 short sword!
You die...

#.#8. . .
##.#..###. .#
#.8.∩<8... #'##
#........# #...#
#..8....# #.....
#.......##......
..
#.......#.......
..
#......he.......
..
#.....4.#.......
.
#..#..####......
## ##.## #.....
#.# ##.# #...# #
#.###.## #+## #.
#..#..#
#.#########.
#.#.#.#
#........###
#.....#
##........#


You could see Duvessa (berserk, ally target) and a friendly ice devil
(summoned).

Vanquished Creatures
  Menkaure (D:4)
  2 ogres (D:4)
  2 scorpions (D:4)
  A jelly (Sewer)
  2 river rats
  3 adders
  A worm (Sewer)
  3 dart slugs
  5 orcs
  12 ball pythons
  2 bats (D:1)
  9 endoplasms
  4 giant cockroaches
  6 hobgoblins
  2 jackals (D:2)
  6 kobolds
  A quokka (D:2)
  3 frilled lizards
  6 goblins
  10 rats
81 creatures vanquished.

Vanquished Creatures (collateral kills)
  Sigmund (D:3)
  A jelly (Sewer)
  An orc priest (D:4)
  5 orcs
  2 endoplasms (Sewer)
  A frilled lizard (Sewer)
  2 rats (Sewer)
13 creatures vanquished.

Vanquished Creatures (others)
  Dowan (D:4)
  A worm (D:3)
  3 endoplasms (D:4)
  A goblin (D:3)
  A ball python (D:3)
7 creatures vanquished.

Grand Total: 101 creatures vanquished

Notes
Turn   | Place    | Note
-------+----------+-------------------------------------------
     0 | D:1      | javelincjr the Demonspawn Shapeshifter began the quest for
                  | the Orb.
     0 | D:1      | Reached XP level 1. HP: 15/15 MP: 1/1
   252 | D:1      | Gained mutation: You have a pair of small antennae on your
                  | head. [demonic ancestry]
   252 | D:1      | Reached XP level 2. HP: 21/21 MP: 2/2
   883 | D:2      | Found Tomis's General Store.
   950 | D:2      | Gained mutation: A weak demonic guardian rushes to your
                  | aid. [demonic ancestry]
   950 | D:2      | Reached XP level 3. HP: 20/26 MP: 3/3
  1801 | D:3      | Found a glowing drain.
  1864 | D:3      | Reached XP level 4. HP: 19/33 MP: 4/4
  1918 | Sewer    | Entered a sewer
  2178 | Sewer    | Gained mutation: A demonic guardian rushes to your aid.
                  | [demonic ancestry]
  2178 | Sewer    | Reached XP level 5. HP: 7/39 MP: 5/5
  2303 | Sewer    | Found a viscous altar of Jiyva.
  2327 | Sewer    | Became a worshipper of Jiyva Jiggia the Shapeless
  2862 | D:3      | Reached * piety under Jiyva
  3039 | D:3      | Noticed Sigmund
  3049 | D:3      | Killed Sigmund
  3050 | D:3      | Reached XP level 6. HP: 36/47 MP: 6/6
  3206 | D:4      | Noticed Menkaure
  3223 | D:4      | Killed Menkaure
  3224 | D:4      | Gained mutation: You are partially covered in slimy green
                  | scales. (AC +2) [demonic ancestry]
  3224 | D:4      | Reached XP level 7. HP: 53/53 MP: 7/7
  3409 | D:4      | Found Xostent's Armour Shoppe.
  3504 | D:4      | Reached ** piety under Jiyva
  3516 | D:4      | Found Zetusch's General Store.
  3553 | D:4      | Found Qyphujor's Antique Armour Boutique.
  3684 | D:4      | Found an ancient bone altar of Kikubaaqudgha.
  3866 | D:4      | Found Miovezud's Antique Weapon Emporium.
  3866 | D:4      | Noticed Dowan
  3867 | D:4      | Noticed Duvessa
  3871 | D:4      | Killed Dowan
  3883 | D:4      | Slain by Duvessa

Illustrated notes

Levels and vault maps discovered:
D:1:      amcnicky_arrival_gap_in_the_tavern_cellar, layout_loops_ring,
          hangedman_decor_growths
D:2:      layout_basic, serial_shops, nicolae_shop_gibbet_a_chance,
          corexii_shack
D:3:      layout_basic, portal_sewer_entry_a, uniq_sigmund
D:4:      layout_loops_corners, lemuel_round_altar, serial_shops,
          nicolae_shop_tiny_real_fake_doors, shop, shop,
          nicolae_shop_statue_plus, uniq_menkaure, uniq_duvessa

Skill      XL: |  1  2  3  4  5  6  7 |
---------------+----------------------+-----
Dodging        | 2 3 |  3.6
Unarmed Combat | 3 4 |  4.8
Shapeshifting  | 3 4 |  4.5
Fighting       | 2 3 4 |  4.4

Action                     |  1- 3 |  4- 6 |  7- 9 || total
---------------------------+-------+-------+-------++-------
  Melee: Unarmed           |   129 |   112 |    57 ||   298
         Punch             |     3 |     2 |     1 ||     6
   Stab: Sleeping          |     3 |       |       ||     3
         Distracted        |     1 |       |       ||     1
 Armour: Animal skin       |    58 |    54 |       ||   112
         Robe              |       |     2 |    35 ||    37
  Dodge: Dodged            |    67 |    69 |    45 ||   181

Table legend: (Time is in decaauts)
 A = Elapsed time spent in this place.
 B = Non-inter-level travel time spent in this place.
 C = Inter-level travel time spent in this place.
 D = Time resting spent in this place.
 E = Time spent auto-exploring this place.
 F = Levels seen in this place.
 G = Mean time per level.
                   A        B        C        D        E       F      G
               +--------+--------+--------+--------+--------+-----+--------+
         Total |   3861 |   3740 |    121 |    216 |   2721 |   5 |  772.2 |
       Dungeon |   3339 |   3218 |    121 |     20 |   2542 |   4 |  834.8 |
         Sewer |    522 |    522 |      0 |    196 |    179 |   1 |  522.0 |
               +--------+--------+--------+--------+--------+-----+--------+

Top non-repeatable levels by time:
     D:2: 914 daAuts
     D:1: 863 daAuts
     D:3: 849 daAuts
     D:4: 712 daAuts
   Sewer: 522 daAuts
